 Dungeon Crawl Stone Soup version 0.25.0-11-g1f837a76a1 (webtiles) character file.

Game seed: 10803646024370273869

353894 Doot the Earth Mage (level 20, -1/144 HPs)
             Began as a Demigod Earth Elementalist on June 25, 2020.
             Killed by the raging water
             ... invoked by a water nymph
              (37 damage)
             ... on level 4 of the Shoals on June 26, 2020.
             The game lasted 02:36:09 (59450 turns).

Doot the Earth Mage (Demigod Earth Elementalist)   Turns: 59450, Time: 02:36:11

Health: -1/144     AC: 20    Str: 11    XL:     20   Next: 47%
Magic:  4/50       EV: 27    Int: 40    God:
Gold:   3108       SH: 11    Dex: 20    Spells: 8/52 levels left

rFire    . . .     SeeInvis +   L - staff of earth
rCold    + + .     Gourm    .   R - +2 buckler {AC+3}
rNeg     . . .     Faith    .   X - +0 troll leather armour
rPois    +         Spirit   .   Q - +2 helmet {SInv}
rElec    .         Reflect  .   W - +2 cloak {MR+}
rCorr    .         Harm     +   O - +2 pair of gloves
MR       ++++.     Clarity  +   n - +1 pair of boots of Masochism {Harm Int+2}
Stlth    ++........             g - amulet of Gavu {Acrobat Dex+4}
HPRegen  0.74/turn              D - ring of Symmimec {MR+ EV+4 Int+2}
MPRegen  0.32/turn              m - ring "Cakk" {*Corrode *Slow rPois rC+ Int+5}

@: very slow
A: hooves 1, large bone plates 1, clarity, cold resistance 1, high mp 2
}: 2/15 runes: serpentine, barnacled
a: no special abilities


You were on level 4 of the Shoals.
You were not hungry.

You visited 7 branches of the dungeon, and saw 35 of its levels.
You also visited: Ossuary and Ice Cave.

You collected 4910 gold pieces.
You spent 1802 gold pieces at shops.

Inventory:

Missiles
 b - 380 stones (quivered)
Armour
 n - the +1 pair of boots of Masochism (worn) {Harm Int+2}
   (You bought it in a shop on level 2 of the Orcish Mines)

   It affects your intelligence (+2).
   It increases damage dealt and taken.
 O - a +2 pair of gloves (worn)
 Q - a +2 helmet of see invisible (worn)
 R - a +2 buckler of protection (worn)
 W - a +2 cloak of magic resistance (worn)
 X - a +0 troll leather armour (worn)
Magical Staves
 i - an uncursed staff of conjuration
 L - an uncursed staff of earth (weapon)
Jewellery
 c - an uncursed ring of magical power
 g - the amulet of Gavu (around neck) {Acrobat Dex+4}
   (You took it off a deep elf elementalist on level 3 of the Elven Halls)

   [amulet of the acrobat]

   It helps you evade while moving and waiting.
   It affects your dexterity (+4).
 m - the ring "Cakk" (right hand) {*Corrode *Slow rPois rC+ Int+5}
   (You took it off a deep elf blademaster on level 3 of the Elven Halls)

   [ring of poison resistance]

   It affects your intelligence (+5).
   It protects you from cold.
   It protects you from poison.
   It may corrode you when you take damage.
   It may slow you when you take damage.
 D - the ring of Symmimec (left hand) {MR+ EV+4 Int+2}
   (You bought it in a shop on level 2 of the Orcish Mines)

   [ring of evasion]

   It affects your evasion (+4).
   It affects your intelligence (+2).
   It affects your resistance to hostile enchantments.
 P - an uncursed ring of wizardry
 Y - an uncursed amulet of magic regeneration
Wands
 j - a wand of acid (44)
 t - a wand of iceblast (17)
 B - a wand of paralysis (9)
 K - a wand of digging (18)
 Z - a wand of clouds (13)
Scrolls
 a - a scroll of summoning
 f - 2 scrolls of brand weapon
 h - 17 scrolls of teleportation
 l - 7 scrolls of blinking
 o - 13 scrolls of remove curse
 u - 9 scrolls of magic mapping
 w - a scroll of vulnerability
 y - 3 scrolls of silence
 z - 5 scrolls of fog
 F - 11 scrolls of enchant weapon
 G - 9 scrolls of fear
 I - 6 scrolls of enchant armour
 M - 3 scrolls of immolation
 N - a scroll of torment
 S - 4 scrolls of holy word
 T - 6 scrolls of identify
Potions
 e - 5 potions of might
 k - 3 potions of mutation
 p - 5 potions of stabbing
 q - a potion of resistance
 r - 8 potions of brilliance
 s - 9 potions of heal wounds
 x - 3 potions of lignification
 A - 13 potions of curing
 C - 2 potions of magic
 E - 3 potions of flight
 H - 5 potions of invisibility
 J - 5 potions of haste
 U - 6 potions of cancellation
 V - a potion of ambrosia
Comestibles
 d - 50 rations


   Skills:
 + Level 4.7 Fighting
   Level 1.2 Short Blades
   Level 0.6(2.7) Maces & Flails
 + Level 4.2(4.3) Staves
 + Level 5.5 Armour
 + Level 14.7 Dodging
 + Level 5.4 Stealth
 + Level 1.8 Shields
 + Level 16.6 Spellcasting
 + Level 9.9 Conjurations
 + Level 1.1 Hexes
 + Level 0.9 Charms
 + Level 6.7 Summonings
 + Level 1.2 Translocations
   Level 0.8 Transmutations
 * Level 20.8 Earth Magic
 + Level 0.7 Evocations


You had 8 spell levels left.
You knew the following spells:

 Your Spells              Type           Power        Failure   Level  Hunger
a - Sandblast             Erth           ######       0%          1    None
b - Stone Arrow           Conj/Erth      ######       0%          3    None
c - Lee's Rapid Deconstr  Erth           ########..   0%          5    None
d - Ensorcelled Hibernat  Hex/Ice        #####.       1%          2    None
e - Confusing Touch       Hex            #####...     2%          3    None
f - Blink                 Tloc           N/A          1%          2    None
g - Summon Demon          Summ           ######....   2%          5    None
h - Iskenderun's Mystic   Conj/Tloc      ######..     1%          4    None
i - Iron Shot             Conj/Erth      ########..   1%          6    None
j - Iskenderun's Battles  Conj/Chrm      ######..     4%          5    None
k - Lehudib's Crystal Sp  Conj/Erth      ########..   19%         8    ####...

Your spell library contained the following spells:

 Spells                   Type           Power        Failure   Level  Hunger
 Beastly Appendage        Tmut           #####.       1%          1    None
 Corona                   Hex            #####..      1%          1    None
 Foxfire                  Conj/Fire      ####         1%          1    None
 Magic Dart               Conj           ####         1%          1    None
 Sting                    Tmut/Pois      ####         1%          1    None
 Summon Butterflies       Summ           ######..     1%          1    None
 Call Imp                 Summ           ######..     1%          2    None
 Passwall                 Tmut/Erth      ########     1%          2    None
 Searing Ray              Conj           ######       1%          2    None
 Shroud of Golubria       Chrm/Tloc      #####.       1%          2    None
 Slow                     Hex            #####...     1%          2    None
 Sticks to Snakes         Tmut           #####...     1%          2    None
 Conjure Flame            Conj/Fire      ######..     1%          3    None
 Dazzling Flash           Conj/Hex       ######       1%          3    None
 Mephitic Cloud           Conj/Pois/Air  ######..     1%          3    None
 Recall                   Summ/Tloc      N/A          1%          3    None
 Summon Guardian Golem    Hex/Summ       ######..     1%          3    None
 Fulminant Prism          Conj/Hex       ######....   1%          4    None
 Leda's Liquefaction      Hex/Erth       ########..   1%          4    None
 Petrify                  Tmut/Erth      ########     1%          4    None
 Bolt of Magma            Conj/Fire/Erth ########..   1%          5    None
 Borgnjor's Vile Clutch   Necr/Erth      ########..   1%          5    None
 Corpse Rot               Necr/Air       N/A          2%          2    None
 Poisonous Vapours        Pois/Air       ####..       2%          2    None
 Gell's Gravitas          Tloc           #####.....   2%          3    None
 Lesser Beckoning         Tloc           #####.....   2%          3    None
 Teleport Other           Tloc           #####...     2%          3    None
 Tukima's Dance           Hex            #####...     2%          3    None
 Aura of Abjuration       Summ           ######....   2%          5    None
 Statue Form              Tmut/Erth      ########.    2%          6    None
 Ozocubu's Armour         Chrm/Ice       #####...     3%          3    None
 Spectral Weapon          Hex/Chrm       #####...     3%          3    None
 Spider Form              Tmut/Pois      #####.....   3%          3    None
 Summon Ice Beast         Ice/Summ       ######..     3%          4    None
 Summon Lightning Spire   Summ/Air       ######..     3%          4    None
 Cause Fear               Hex            #####.....   9%          4    None
 Passage of Golubria      Tloc           N/A          9%          4    None
 Summon Forest            Summ/Tloc      ######....   9%          5    None
 Summon Mana Viper        Hex/Summ       ######..     9%          5    None
 Ice Form                 Ice/Tmut       #####...     12%         4    None
 Shadow Creatures         Summ           N/A          14%         6    None
 Orb of Destruction       Conj           #######...   22%         7    ##.....
 Yara's Violent Unravell  Hex/Tmut       #####.....   26%         5    None
 Blade Hands              Tmut           #####.....   28%         5    None
 Conjure Ball Lightning   Conj/Air       ######....   30%         6    None
 Metabolic Englaciation   Hex/Ice        #####.....   32%         5    None
 Silence                  Hex/Air        #####.....   32%         5    None
 Alistair's Intoxication  Tmut/Pois      #####...     34%         5    None
 Spellforged Servitor     Conj/Summ      #######...   38%         7    ##.....
 Freezing Cloud           Conj/Ice/Air   ######....   52%         6    None
 Monstrous Menagerie      Summ           ######....   63%         7    ##.....
 Summon Greater Demon     Summ           ######....   63%         7    ##.....
 Summon Hydra             Summ           ######....   63%         7    ##.....
 Darkness                 Hex            #####.....   80%         6    None
 Hydra Form               Tmut           #####.....   85%         6    None
 Eringya's Noxious Bog    Tmut/Pois      #####.....   88%         6    None
 Ozocubu's Refrigeration  Ice            ####......   93%         6    None
 Malign Gateway           Summ/Tloc      ######....   94%         7    ##.....
 Summon Horrible Things   Summ           ######....   99%         8    ####...
 Dragon Form              Tmut           #####.....   100%        7    ##.....
 Chain Lightning          Conj/Air       ######....   100%        8    ####...
 Shatter                  Erth           ########..   30%         9    ######.
 Absolute Zero            Ice            ####......   100%        9    ######.
 Dragon's Call            Summ           ######....   100%        9    ######.
 Fire Storm               Conj/Fire      ######....   100%        9    ######.
 Tornado                  Air            ####......   100%        9    ######.


Dungeon Overview and Level Annotations

Branches:
Dungeon (15/15)            Temple (1/1) D:5            Lair (6/6) D:11
 Shoals (4/4) Lair:2        Snake (4/4) Lair:3        Slime (0/5) Lair:5
    Orc (2/2) D:9             Elf (3/3) Orc:2        Vaults (0/5) D:13
 Depths (0/5) D:15        Ossuary (visited)           IceCv (visited)

Shops:
D:8 *   Orc:2 ![*=   Elf:1 *?   Elf:2 :   Snake:2 [

Annotations:
D:15 2 transporters, Yamstis's ghost, adept GnMo
Shoals:3 2 transporters, Xuqep's ghost, adept FoFi
Shoals:4 Bai Suzhen
Elf:2 2 runed translucent doors


Innate Abilities, Weirdness & Mutations

You have a considerably increased reservoir of magic. (+20% MP)
You have large cloven feet.
You are partially covered in large bone plates. (SH +4)
You possess an exceptional clarity of mind.
Your flesh is cold resistant. (rC+)


Message History

Press: ? - help, Shift-Dir - straight line, f/p - wind drake
Aim: a wind drake (severely wounded, repelling missiles, catching its breath)
You feel a surge of power!
The blast of sand misses the wind drake.
b - 381 stones Splash!
You fall into the shallow water.
Moving in this stuff is going to be slow.
Casting: Sandblast (safe; 0% risk of failure)
Confirm with . or Enter, or press ? or * to list all spells.
Aiming: Sandblast (safe; 0% risk of failure)
Press: ? - help, Shift-Dir - straight line, f/p - wind drake
Aim: a wind drake (water, severely wounded, repelling missiles, catching its breath)
You feel a surge of power!
The wind drake repels the blast of sand!
b - 380 stones You block the wind drake's attack.
The merfolk misses you.
The water nymph points at you and mumbles some strange words.
The water swirls and strikes you!!
You die...

.#.###...........≈PPPP≈.
≈...##.P......#..PPPPP..
#≈.###.....P.....PPP≈P..
####...............†≈...
##...≈≈≈P.......≈P≈#≈##≈
.....≈≈≈≈.....≈≈≈.≈###
.....≈≈≈≈≈≈≈≈≈≈≈.##≈.# # ...
.....≈≈≈≈≈≈≈≈≈≈≈.≈#≈≈.≈. ....
...≈≈≈≈≈≈≈≈≈≈≈≈≈@# ≈[ ≈#k ....
..≈≈≈≈≈≈≈≈≈≈≈≈≈km# ≈≈ .≈ .....
.≈≈≈≈≈≈≈≈≈≈≈≈≈≈≈m# #≈#≈#.# .....
≈≈≈≈≈≈≈≈≈≈≈≈≈≈≈≈†# ≈≈≈.. #.....
≈≈≈≈≈≈≈≈≈≈≈≈≈≈≈≈≈### #..#......
≈≈≈≈≈≈≈≈≈≈≈≈≈≈≈≈≈..#######..m....
≈≈≈≈≈≈ ≈≈≈≈≈≈≈≈≈...#≈#.........
≈≈≈≈≈≈≈≈≈≈m.....m.......
≈≈≈≈≈≈≈≈≈≈≈...≈≈≈...≈≈≈≈


You could see a wind drake (repels missiles, catching breath), a merfolk and a
water nymph.

Vanquished Creatures
  Saint Roka (Snake:2)
  Nikola (Snake:2)
  Rupert (D:15)
  Jorgrun (D:13)
  A kraken (Shoals:3)
  2 deep elf blademasters (Elf:3)
  Polyphemus (Shoals:4)
  2 deep elf master archers (Elf:3)
  Agnes (D:14)
  11 nagarajas
  The ghost of Kehia the Scorcher, an adept DrWn of Okawaru (Shoals:2)
  Donald (Elf:2)
  A frost giant (IceCv)
  Roxanne (Shoals:3)
  6 deep elf sorcerers
  The ghost of Fidin the Brawler, a journeyman TrBe of Trog (Snake:2)
  2 deep elf elementalists (Elf:3)
  Louise (D:14)
  Azrael (D:13)
  5 deep elf demonologists
  8 deep elf annihilators
  Snorg (D:13)
  2 merfolk javelineers (Shoals:4)
  8 deep elf death magi
  9 merfolk impalers
  An ogre mage (D:15)
  A deep elf high priest (Elf:3)
  4 alligator snapping turtles
  5 hydras
  18 naga warriors
  4 catoblepae
  5 centaur warriors
  3 merfolk aquamancers (Shoals:4)
  5 anacondas
  9 two-headed ogres
  12 death yaks
  2 satyrs (Shoals:4)
  24 dancing weapons
  17 naga sharpshooters
  4 orc high priests (Orc:2)
  5 shock serpents
  22 deep elf knights
  Nergalle (D:10)
  2 salamander mystics
  5 skeletal warriors (D:15)
  16 sea snakes
  3 unseen horrors
  A sea snake (shapeshifter) (D:15)
  A glowing orange brain (D:15)
  Pikel (D:8)
  8 naga ritualists
  14 deep elf archers
  A harpy (shapeshifter) (D:14)
  3 orc knights
  A kraken simulacrum (Shoals:4)
  A wolf spider zombie (D:13)
  15 mana vipers
  A necromancer (D:13)
  13 salamanders
  26 harpies
  4 ugly things
  7 fauns
  2 orc sorcerers
  10 manticores
  A centaur zombie (D:12)
  4 cyclopes
  56 deep elf magi
  36 black mambas
  12 merfolk sirens
  6 water nymphs
  9 elephants
  16 naga magi
  Maurice (D:8)
  An ice statue (IceCv)
  2 gargoyles
  11 guardian serpents
  A guardian serpent (shapeshifter) (D:15)
  11 spiny frogs
  Maggie (D:8)
  2 rime drakes
  2 freezing wraiths (D:14)
  A kobold demonologist (D:10)
  2 meliai (shapeshifter) (D:15)
  13 polar bears
  4 komodo dragons
  4 harpy zombies (Shoals:1)
  34 merfolk
  A nameless horror (Lair:5)
  8 trolls
  26 blink frogs
  Prince Ribbit (D:9)
  3 hornets
  A meliai zombie (D:14)
  7 snapping turtles
  4 dream sheep (Lair:6)
  8 slime creatures
  3 wind drakes
  13 hippogriffs
  An air elemental (Elf:1)
  9 water elementals
  A shadow (D:14)
  3 wraiths
  3 basilisks
  5 wyverns
  66 yaks
  A yak (shapeshifter) (D:15)
  5 fire elementals
  2 hungry ghosts
  Grum (D:7)
  4 wargs
  74 nagas
  A hell hound (D:13)
  4 acid dragons
  18 water moccasins
  5 ice beasts
  6 sky beasts
  3 porcupines
  31 orc warriors
  2 phantoms
  2 black bears
  14 ogres
  29 wolves
  A centaur (shapeshifter) (Elf:2)
  15 centaurs
  10 crocodiles
  The ghost of johnwhoopingcough the Sneak, an amateur OpAs of Ashenzari (D:3)
  A hippogriff zombie (Shoals:1)
  11 big kobolds
  28 bullfrogs
  A wyvern zombie (D:14)
  2 gnoll sergeants (D:7)
  A wyvern skeleton (D:13)
  4 scorpions
  8 wights (D:11)
  A water moccasin skeleton (D:6)
  2 spriggan skeletons (D:11)
  2 electric eels (Lair:3)
  9 crimson imps
  5 howler monkeys
  4 bullfrog zombies
  A jelly (D:10)
  Crazy Yiuf (D:5)
  9 hounds
  3 gnoll shamans (D:7)
  29 orc priests
  5 centaur skeletons
  25 orc wizards
  Jessica (D:2)
  2 iguanas
  4 hell rats (Lair:4)
  9 worker ants
  A hound skeleton (D:7)
  9 mummies
  2 howler monkey zombies
  A worker ant zombie (D:6)
  Robin (D:2)
  17 gnolls
  20 adders
  2 shadow imps
  An ooze (D:1)
  2 adder skeletons
  2 worms (D:2)
  2 dart slugs
  3 leopard geckos
  82 orcs
  3 giant cockroaches
  A gnoll zombie (Ossuary)
  15 goblins
  8 hobgoblins
  20 jackals
  5 quokkas
  2 ball pythons
  4 bats
  4 frilled lizards
  A giant cockroach zombie (D:6)
  3 hobgoblin zombies (Ossuary)
  25 kobolds
  2 kobold zombies (Ossuary)
  A leopard gecko zombie (D:8)
  2 orc zombies (Ossuary)
  A quokka skeleton (D:4)
  11 rats
  3 fungi
  2 plants (Shoals:4)
  4 tentacles (Shoals:3)
1399 creatures vanquished.

Vanquished Creatures (collateral kills)
  A death yak (Lair:5)
1 creature vanquished.

Vanquished Creatures (others)
  2 polar bears (IceCv)
  3 yaks (IceCv)
  3 wolves (IceCv)
  A gnoll (D:3)
  3 goblins (D:3)
  A hobgoblin (D:3)
  25 fungi
  20 plants
  14 tentacles (Shoals:3)
72 creatures vanquished.

Grand Total: 1472 creatures vanquished

Notes
Turn   | Place    | Note
-------+----------+-------------------------------------------
     0 | D:1      | Doot the Demigod Earth Elementalist began the quest for the
                  | Orb.
     0 | D:1      | Reached XP level 1. HP: 14/14 MP: 5/5
   360 | D:1      | Reached skill level 3 in Earth Magic
   450 | D:1      | Reached XP level 2. HP: 20/20 MP: 5/7
   838 | D:1      | Reached XP level 3. HP: 25/26 MP: 0/9
   843 | D:1      | Learned a level 3 spell: Stone Arrow
  1476 | D:2      | Noticed Jessica
  1478 | D:2      | Killed Jessica
  1716 | D:2      | Reached XP level 4. HP: 32/33 MP: 1/10
  1853 | D:2      | Noticed Robin
  2198 | D:3      | Found a runed translucent gate.
  2198 | D:3      | Found a runed translucent gate.
  2199 | D:3      | Found a runed translucent gate.
  2201 | D:3      | Noticed johnwhoopingcough's ghost (amateur OpAs)
  2281 | D:3      | Reached skill level 4 in Earth Magic
  2350 | D:3      | Found a shadowy altar of Dithmenos.
  2371 | D:3      | Found a radiant altar of Vehumet.
  2388 | D:3      | Reached XP level 5. HP: 38/38 MP: 8/12
  2921 | D:2      | Killed Robin
  3122 | D:2      | Found a bloodstained altar of Trog.
  3122 | D:2      | Found a stormy altar of Qazlal.
  3344 | D:3      | Reached skill level 1 in Fighting
  3740 | D:4      | Noticed an ogre
  3752 | D:4      | Found a sand-covered staircase.
  3761 | Ossuary  | Entered an ossuary
  3876 | Ossuary  | Reached skill level 1 in Armour
  3879 | Ossuary  | Reached XP level 6. HP: 47/47 MP: 1/14
  3940 | Ossuary  | Reached skill level 1 in Short Blades
  4281 | D:4      | Learned a level 5 spell: Lee's Rapid Deconstruction
  4823 | D:4      | Reached skill level 5 in Earth Magic
  4995 | D:4      | Reached XP level 7. HP: 52/52 MP: 9/16
  5044 | D:4      | Found a shimmering blue altar of Sif Muna.
  5200 | D:5      | Entered Level 5 of the Dungeon
  5395 | D:5      | Reached skill level 1 in Conjurations
  5617 | D:3      | Killed johnwhoopingcough's ghost
  5738 | D:5      | Found a staircase to the Ecumenical Temple.
  5759 | Temple   | Entered the Ecumenical Temple
  6143 | D:5      | Found a stormy altar of Qazlal.
  6332 | D:5      | Found an ancient bone altar of Kikubaaqudgha.
  6746 | D:5      | Found a runed translucent door.
  6747 | D:5      | Noticed Crazy Yiuf
  6754 | D:5      | Killed Crazy Yiuf
  6910 | D:5      | Reached XP level 8. HP: 41/60 MP: 11/18
  7017 | D:6      | Learned a level 2 spell: Ensorcelled Hibernation
  7077 | D:6      | Got a crude war axe
  7078 | D:6      | Identified the +2 war axe of Indomitability {vorpal, rF+
                  | Stlth+} (You found it on level 6 of the Dungeon)
  7296 | D:6      | Learned a level 3 spell: Confusing Touch
  7348 | D:6      | Reached skill level 6 in Earth Magic
  7395 | D:6      | Reached skill level 5 in Spellcasting
  7858 | D:6      | Reached skill level 1 in Staves
  8672 | D:7      | Found a stormy altar of Qazlal.
  8677 | D:7      | Reached XP level 9. HP: 67/67 MP: 8/21
  9150 | D:7      | Reached skill level 7 in Earth Magic
  9247 | D:7      | Noticed Grum
  9251 | D:7      | Killed Grum
 10044 | D:8      | Noticed Maggie
 10123 | D:8      | Noticed a two-headed ogre
 10130 | D:8      | Killed a two-headed ogre
 10204 | D:8      | Killed Maggie
 10802 | D:8      | Reached XP level 10. HP: 77/77 MP: 6/24
 10909 | D:8      | Noticed Maurice
 10919 | D:8      | Killed Maurice
 11442 | D:8      | Noticed Pikel
 11447 | D:8      | Killed Pikel
 11447 | D:8      | Reached skill level 8 in Earth Magic
 11537 | D:8      | Found Uffetevieg's Assorted Antiques.
 11547 | D:8      | Found a sacrificial altar of Ru.
 12245 | D:9      | Learned a level 2 spell: Blink
 12361 | D:9      | Noticed Prince Ribbit
 12367 | D:9      | Killed Prince Ribbit
 12515 | D:9      | Found a staircase to the Orcish Mines.
 12555 | D:9      | Found an opulent altar of Gozag.
 12972 | D:10     | Entered Level 10 of the Dungeon
 13009 | D:10     | Noticed Nergalle
 13095 | D:10     | Killed Nergalle
 13095 | D:10     | Reached skill level 5 in Conjurations
 13385 | D:10     | Noticed a two-headed ogre
 13394 | D:10     | Killed a two-headed ogre
 13505 | D:10     | Reached skill level 9 in Earth Magic
 13511 | D:10     | Reached XP level 11. HP: 82/82 MP: 12/28
 14971 | D:11     | Found a staircase to the Lair.
 15857 | D:11     | Identified the Catalogue of the Enchanting Entourage
 15942 | D:11     | Noticed an unseen horror
 15946 | D:11     | Killed an unseen horror
 15961 | D:11     | Learned a level 5 spell: Summon Demon
 16898 | Lair:1   | Entered Level 1 of the Lair of Beasts
 16905 | Lair:1   | Reached skill level 1 in Summonings
 17310 | Lair:1   | Found a gate leading to a gauntlet.
 17645 | Lair:1   | Reached skill level 10 in Earth Magic
 18759 | Lair:2   | Found a staircase to the Shoals.
 19422 | Lair:3   | Reached skill level 5 in Dodging
 19455 | Lair:3   | Reached skill level 10 in Spellcasting
 19509 | Lair:3   | Reached XP level 12. HP: 91/91 MP: 11/30
 20990 | Lair:3   | Found a staircase to the Snake Pit.
 21038 | Lair:3   | Reached skill level 11 in Earth Magic
 22174 | Lair:4   | Noticed an eight-headed hydra
 22186 | Lair:4   | Killed an eight-headed hydra
 22186 | Lair:4   | Reached skill level 5 in Summonings
 22758 | Lair:5   | Learned a level 4 spell: Iskenderun's Mystic Blast
 22919 | Lair:5   | Noticed a six-headed hydra
 22929 | Lair:5   | Killed a six-headed hydra
 23010 | Lair:5   | Got an encrusted flail
 23010 | Lair:5   | Identified the +9 flail "Biwunaj" {vorpal, rC- rN+ Dex+5}
                  | (You found it on level 5 of the Lair of Beasts)
 23105 | Lair:5   | Reached XP level 13. HP: 99/99 MP: 31/32
 23181 | Lair:5   | Found a viscous altar of Jiyva.
 23182 | Lair:5   | Found a staircase to the Slime Pits.
 23825 | Lair:6   | Entered Level 6 of the Lair of Beasts
 25257 | Lair:6   | Found a shimmering altar of Xom.
 25310 | Lair:6   | Reached skill level 12 in Earth Magic
 25368 | Lair:6   | Learned a level 6 spell: Iron Shot
 27306 | Orc:1    | Entered Level 1 of the Orcish Mines
 27878 | Orc:1    | Reached XP level 14. HP: 105/105 MP: 6/35
 28273 | Orc:2    | Entered Level 2 of the Orcish Mines
 28443 | Orc:2    | Found a staircase to the Elven Halls.
 29010 | Orc:2    | Reached skill level 10 in Dodging
 29175 | Orc:2    | Reached skill level 13 in Earth Magic
 29982 | Orc:2    | Found Ybithein's Distillery.
 29982 | Orc:2    | Found Huasam's Antique Armour Emporium.
 29983 | Orc:2    | Found Vuryqeti's Jewellery Shoppe.
 29986 | Orc:2    | Found Veosomup's General Store.
 29990 | Orc:2    | Bought a pair of twisted boots for 294 gold pieces
 29996 | Orc:2    | Identified the +1 pair of boots of Masochism {Harm Int+2}
                  | (You bought it in a shop on level 2 of the Orcish Mines)
 29996 | Orc:2    | Bought an embroidered hat for 217 gold pieces
 30020 | Orc:2    | Bought the ring of Symmimec {MR+ EV+4 Int+2} for 792 gold
                  | pieces
 30020 | Orc:2    | Bought a scroll of teleportation for 45 gold pieces
 31158 | D:12     | Gained mutation: You are partially covered in iridescent
                  | scales. (AC +2) [potion of mutation]
 31158 | D:12     | Gained mutation: You are clumsy. (Dex -2) [potion of
                  | mutation]
 31158 | D:12     | Gained mutation: Armour fits poorly on your strangely
                  | shaped body. [potion of mutation]
 31158 | D:12     | Gained mutation: Your flesh is cold resistant. (rC+)
                  | [potion of mutation]
 31159 | D:12     | Lost mutation: You are partially covered in iridescent
                  | scales. (AC +2) [potion of mutation]
 31159 | D:12     | Lost mutation: Armour fits poorly on your strangely shaped
                  | body. [potion of mutation]
 31159 | D:12     | Gained mutation: You have a considerably increased
                  | reservoir of magic. (+20% MP) [potion of mutation]
 31159 | D:12     | Gained mutation: Your spells are a little easier to cast,
                  | but a little less powerful. [potion of mutation]
 31159 | D:12     | Gained mutation: You have large cloven feet. [potion of
                  | mutation]
 31160 | D:12     | Lost mutation: You are clumsy. (Dex -2) [potion of
                  | mutation]
 31160 | D:12     | Lost mutation: Your spells are a little easier to cast, but
                  | a little less powerful. [potion of mutation]
 31160 | D:12     | Gained mutation: You are partially covered in large bone
                  | plates. (SH +4) [potion of mutation]
 31160 | D:12     | Gained mutation: You possess an exceptional clarity of
                  | mind. [potion of mutation]
 31615 | D:13     | Noticed Snorg
 31629 | D:13     | Killed Snorg
 31643 | D:13     | Got a polished mace
 31643 | D:13     | Identified the +3 mace of Buaril {antimagic, Fragile rPois
                  | rF+ MR+} (You found it on level 13 of the Dungeon)
 31831 | D:13     | Noticed Azrael
 31839 | D:13     | Killed Azrael
 31885 | D:13     | Noticed Jorgrun
 32435 | D:13     | Found a gate to the Vaults.
 32583 | D:13     | Killed Jorgrun
 33266 | D:14     | Reached skill level 14 in Earth Magic
 33411 | D:14     | Noticed Agnes
 33616 | Shoals:1 | Entered Level 1 of the Shoals
 34601 | Shoals:2 | Reached XP level 15. HP: 78/111 MP: 4/40
 35226 | Shoals:2 | Found a runed translucent door.
 35226 | Shoals:2 | Found a shimmering altar of Xom.
 35226 | Shoals:2 | Noticed Kehia's ghost (adept DrWn)
 36336 | Shoals:3 | Learned a level 5 spell: Iskenderun's Battlesphere
 36562 | Shoals:2 | Killed Kehia's ghost
 36565 | Shoals:2 | Identified Sif Muna's Guide on the Bewitching Traveller
 36809 | D:15     | Entered Level 15 of the Dungeon
 36821 | D:15     | Reached skill level 15 in Earth Magic
 36936 | D:15     | Found a transporter.
 36937 | D:15     | Noticed Yamstis's ghost (adept GnMo)
 36940 | D:15     | Identified the +3 great mace "Mawkyveur" {flame, rN+ MR+
                  | Str-4 Dex+8}
 36940 | D:15     | Noticed a fire giant
 36942 | D:15     | Found a transporter.
 37020 | D:15     | Noticed Rupert
 37136 | D:15     | Found a frozen archway.
 37150 | IceCv    | Entered an ice cave
 38273 | IceCv    | Identified the Almanac of the Glacier
 38426 | D:14     | Noticed Louise
 38592 | D:14     | Killed Louise
 38714 | D:14     | Killed Agnes
 39658 | D:15     | Reached skill level 5 in Armour
 39805 | D:15     | Found a staircase to the Depths.
 39898 | D:15     | Reached XP level 16. HP: 118/118 MP: 29/42
 39898 | D:15     | Reached skill level 5 in Stealth
 40114 | D:15     | Killed Rupert
 40417 | Elf:1    | Entered Level 1 of the Elven Halls
 40508 | Orc:2    | Reached skill level 16 in Earth Magic
 40952 | Elf:1    | Found Fagom's General Store.
 40962 | Elf:1    | Bought a potion of curing for 45 gold pieces
 40962 | Elf:1    | Bought a scroll of teleportation for 45 gold pieces
 41689 | Elf:1    | Found Datwianki's Magic Scroll Boutique.
 41698 | Elf:1    | Bought a scroll of silence for 105 gold pieces
 41698 | Elf:1    | Bought 3 scrolls of teleportation for 126 gold pieces
 41698 | Elf:1    | Bought a scroll of fear for 49 gold pieces
 41698 | Elf:1    | Bought a scroll of identify for 28 gold pieces
 41698 | Elf:1    | Bought a scroll of identify for 28 gold pieces
 41698 | Elf:1    | Bought a scroll of identify for 28 gold pieces
 41819 | Elf:1    | You fall into a shaft and drop 1 floor!
 42191 | Elf:2    | Found a large runed translucent door.
 42192 | Elf:2    | Found a large runed translucent door.
 42194 | Elf:2    | Found a large runed translucent door.
 42195 | Elf:2    | Found a large runed translucent door.
 42345 | Elf:2    | Reached skill level 17 in Earth Magic
 42476 | Elf:2    | Found Egofeck's One-of-a-Kind Books.
 42883 | Elf:2    | Noticed Donald
 43033 | Elf:2    | Killed Donald
 43327 | Elf:2    | Reached XP level 17. HP: 124/124 MP: 22/44
 43859 | Elf:3    | Entered Level 3 of the Elven Halls
 43959 | Elf:3    | Noticed a deep elf blademaster
 43972 | Elf:3    | Killed a deep elf blademaster
 44197 | Elf:3    | Identified the amulet of Gavu {Acrobat Dex+4}
 44492 | Elf:3    | Identified the ring "Cakk" {*Corrode *Slow rPois rC+ Int+5}
 44492 | Elf:3    | Noticed a deep elf blademaster
 44502 | Elf:3    | Killed a deep elf blademaster
 44589 | Elf:3    | Reached skill level 18 in Earth Magic
 44895 | Elf:3    | Reached skill level 15 in Spellcasting
 45341 | Elf:3    | Learned a level 8 spell: Lehudib's Crystal Spear
 45369 | Elf:3    | Identified Ilox's Almanac of Curses and Toxins
 46032 | Snake:1  | Entered Level 1 of the Snake Pit
 47300 | Snake:1  | Identified the +5 quarterstaff of Pelapn {vorpal, Str+4}
 47978 | Snake:1  | Found a bloodstained altar of Trog.
 48034 | Snake:1  | Found a hazy altar of Hepliaklqana.
 48422 | Snake:2  | Noticed Saint Roka
 48427 | Snake:2  | Killed Saint Roka
 48877 | Snake:2  | Reached XP level 18. HP: 130/130 MP: 20/46
 49438 | Snake:2  | Found a large runed translucent door.
 49439 | Snake:2  | Found a large runed translucent door.
 49449 | Snake:2  | Found Fagua's Antique Armour Shop.
 49649 | Snake:2  | Noticed Nikola
 49668 | Snake:2  | Killed Nikola
 50064 | Snake:2  | Reached skill level 19 in Earth Magic
 50241 | Snake:2  | Noticed Fidin's ghost (journeyman TrBe)
 50700 | Snake:2  | Killed Fidin's ghost
 52972 | Snake:4  | Entered Level 4 of the Snake Pit
 55766 | Snake:4  | Reached skill level 20 in Earth Magic
 56057 | Snake:4  | Reached XP level 19. HP: 137/137 MP: 9/49
 56160 | Snake:2  | Reached skill level 1 in Shields
 56160 | Snake:2  | Reached skill level 1 in Hexes
 56160 | Snake:2  | Reached skill level 1 in Translocations
 56160 | Snake:2  | Reached XP level 20. HP: 144/144 MP: 41/50
 56524 | Snake:4  | Got a serpentine rune of Zot
 56717 | Shoals:4 | Entered Level 4 of the Shoals
 56727 | Shoals:4 | Noticed Bai Suzhen
 57129 | Shoals:3 | Noticed Xuqep's ghost (adept FoFi)
 57142 | Shoals:3 | Found a transporter.
 57161 | Shoals:3 | Identified Roxanne's Handbook of Transmigration
 57161 | Shoals:3 | Noticed Roxanne
 57402 | Shoals:3 | Killed Roxanne
 57417 | Shoals:3 | Found a transporter.
 57802 | Shoals:4 | Noticed Polyphemus
 57991 | Shoals:4 | Killed Polyphemus
 58365 | Shoals:4 | Got a barnacled rune of Zot
 59450 | Shoals:4 | Killed from afar by a water nymph

Illustrated notes

Levels and vault maps discovered:
D:1:      zelgadis_glass_arrival_small, layout_basic, serial_forest,
          infiniplex_forest_zigzag_2, infiniplex_forest_straight_2,
          infiniplex_forest_diagonal, infiniplex_forest_straight_2,
          infiniplex_forest_straight_2, infiniplex_forest_clump_small,
          infiniplex_forest_lined_room_, infiniplex_forest_straight_2,
          infiniplex_forest_clump_cross
D:2:      layout_rooms, gammafunk_temple_overflow_elements, uniq_robin,
          uniq_jessica
D:3:      layout_basic, nicolae_dithmenos_shadow_blocks, fiery_altar_vehumet,
          ebering_ghost_rock_garden, chequers_decorated_corner
D:4:      layout_loops_ring, tgw_sif, gup_ossuary_entry_pyramid, first_ration,
          st_stairs_8
D:5:      layout_gridville, kennysheep_little_box,
          minmay_temple_entry_proselytizer, basic_altar, uniq_crazy_yiuf_cottage
D:6:      layout_cave_pools, hangedman_glass_teeth
D:7:      layout_cave_pools, serial_gnoll_camp, gnoll_camp_mini_loothouse,
          gnoll_camp_huts_basic, gnoll_camp_mini_hut, gnoll_camp_mini_basic,
          grums_kennel, nicolae_qazlal_style_of_elements
D:8:      layout_basic, lemuel_crystal_altar, serial_shops, shop, uniq_maggie,
          uniq_maurice, uniq_pikel
D:9:      layout_big_octagon, lemuel_crystal_altar, orc_0_dummy,
          grunt_ogre_cave, grunt_ministairs_1, uniq_prince_ribbit1
D:10:     layout_gridville, special_room [special_room_kobold], uniq_nergalle
D:11:     layout_grid_maze, grunt_lair_entry_orc_guard_hut,
          hangedman_tell_no_tales
D:12:     layout_basic
D:13:     layout_irregular_city, david_vaults_1, uniq_azrael, uniq_jorgrun,
          uniq_snorg
D:14:     layout_loops_cross, kennysheep_decorative_pillar,
          minmay_mirror_moons_of_madness, uniq_louise, uniq_agnes
D:15:     gammafunk_enter_depths_forms, layout_loops_cross, serial_park_tiny_2,
          gammafunk_ghost_smash, portal_ice_cave_entry_pillars_1, uniq_rupert
Temple:   dpeg_chambers_temple
Lair:1:   layout_gridlike, gauntlet_entry_generic
Lair:2:   layout_small_grid, elwin_shoals_entry_stream, lemuel_fruit_fields
Lair:3:   layout_hall_layers, minmay_snake_entry_six_corridors,
          nicolae_quartered_pool_medium, infiniplex_staircase_pool
Lair:4:   layout_long_grid, serial_bayou_shore_a, serial_bayou_shore_b
Lair:5:   layout_cellular_growth, dpeg_slime_entry_enclosed_altar,
          lemuel_fruit_tree
Lair:6:   evilmike_catoblepas_cave, layout_loops_ring, basic_altar,
          chequers_serial_rivers_micro_b, st_stairs_6
Shoals:1: layout_shoals, nicolae_shoals_undead_eyrie
Shoals:2: layout_shoals, ebering_ghost_xom
Shoals:3: layout_shoals, gammafunk_ghost_berserking_beasts, uniq_roxanne
Shoals:4: shoals_end_grunt_ice, layout_shoals, uniq_kirke, uniq_polyphemus,
          uniq_bai_suzhen
Snake:1:  layout_grid_shapes, hangedman_feature_mirror
Snake:2:  layout_chambers, ebering_ghost_disaster_area, serial_shops,
          nicolae_shop_waterfront, uniq_saint_roka, uniq_nikola
Snake:3:  layout_onion_interference
Snake:4:  grunt_snake_rune_pools, layout_layer_cave
Orc:1:    layout_caves
Orc:2:    st_orc_mages, layout_caves
Elf:1:    layout_geoelf_grid, serial_shops, nicolae_shop_stone, shop,
          minmay_elf_crystal_hexagon
Elf:2:    layout_rooms, dk_noncrumbling_3, nicolae_rare_books, uniq_donald
Elf:3:    grunt_elf_hall_diamonds, layout_geoelf_diagonals

Skill      XL: |  1  2  3  4  5  6  7  8  9 10 11 12 13 14 15 16 17 18 19 |
---------------+----------------------------------------------------------+-----
Earth Magic    | 3 4 5 6 7 9 10 11 12 14 15 17 18 20 | 20.8
Spellcasting   | 2 3 4 5 7 8 10 11 12 13 14 15 16 | 16.6
Dodging        | 2 3 5 7 9 11 12 13 14 | 14.7
Stealth        | 2 3 4 5 |  5.4
Fighting       | 1 2 3 4 |  4.7
Armour         | 1 2 3 4 5 |  5.5
Short Blades   | 1 |  1.2
Conjurations   | 2 3 5 6 7 8 9 |  9.9
Staves         | 1 2 3 4 |  4.2
Summonings     | 3 5 6 |  6.7
Shields        | 1 |  1.8
Hexes          | 1 |  1.1
Translocations | 1 |  1.2
Maces & Flails | |  0.6
Charms         | |  0.9
Transmutations | |  0.8
Evocations     | |  0.7

Action                   |  1- 3 |  4- 6 |  7- 9 | 10-12 | 13-15 | 16-18 | 19-21 || total
-------------------------+-------+-------+-------+-------+-------+-------+-------++-------
Melee: Dagger            |    11 |    99 |    65 |       |       |       |       ||   175
       Whip              |    11 |       |       |       |       |       |       ||    11
       Quarterstaff      |       |       |    39 |    88 |    62 |       |       ||   189
       Staff             |       |       |       |       |    12 |     5 |     3 ||    20
 Cast: Sandblast         |    39 |    47 |    31 |   136 |   190 |    31 |    10 ||   484
       Stone Arrow       |    12 |    36 |   136 |   223 |    88 |    14 |     1 ||   510
       Lee's Rapid Decon |       |       |     8 |    88 |   163 |   352 |    41 ||   652
       Confusing Touch   |       |       |       |     1 |       |       |       ||     1
       Iron Shot         |       |       |       |       |   225 |   141 |    88 ||   454
       Iskenderun's Myst |       |       |       |       |    15 |     2 |       ||    17
       Summon Demon      |       |       |       |       |     6 |       |     2 ||     8
       Iskenderun's Batt |       |       |       |       |     3 |     5 |     1 ||     9
Evoke: Wand              |       |       |       |       |     1 |     2 |     1 ||     4
  Use: Scroll            |       |       |     2 |    11 |    20 |    12 |     1 ||    46
       Potion            |       |       |       |     4 |     3 |       |     1 ||     8
 Stab: Sleeping          |     1 |     3 |     1 |     1 |       |       |       ||     6
       Paralysed         |       |       |     3 |       |       |       |       ||     3
  Eat: Chunk             |     4 |    10 |    20 |    39 |    86 |    31 |     7 ||   197
       Ration            |       |     1 |     1 |     4 |     3 |     7 |     1 ||    17
Armor: Leather armour    |    15 |    37 |    54 |       |       |       |       ||   106
       Steam dragon scal |       |       |     2 |     9 |       |       |       ||    11
       Troll leather arm |       |       |       |    94 |   106 |    28 |    21 ||   249
       Skin              |       |       |       |     1 |       |       |       ||     1
Dodge: Dodged            |    17 |    83 |   123 |   223 |   455 |   158 |   140 ||  1199
Block: Other             |     9 |    18 |       |       |    49 |    10 |       ||    86
       Buckler           |       |       |       |       |       |    30 |    62 ||    92
